[Event "African Online-ch Women 2021"]
[Site "Online"]
[Date "2021.02.01"]
[Round "7.10"]
[White "Maingi, Sasha"]
[Black "Joao, Delfina"]
[Result "1/2-1/2"]
[ECO "C00"]
[WhiteElo "1599"]
[BlackElo "1727"]
[Annotator "NA RC"]
[PlyCount "102"]
[EventDate "2021.02.01"]
[EventType "swiss"]
[EventCountry "NET"]
[SourceTitle "playchess.com"]
[Source "ChessBase"]
[SourceQuality "1"]
[TimeControl "1500+10"]

1. e4 e6 2. d3 d5 3. Nd2 Nf6 4. Ngf3 c5 5. g3 Nc6 6. Bg2 Be7 7. O-O O-O 8. Re1 Qc7 9. c3 dxe4 10. dxe4 Rd8 11. Qc2 b6 12. Nc4 e5 13. Bg5 Ba6 14. Bf1 Bxc4 15. Bxc4 Rd7 16. Bxf6 Bxf6 17. Bd5 Rad8 18. Rad1 Kf8 19. Qa4 Rd6 20. Rd2 Ne7 21. Qc4 Qd7 22. Red1 Qg4 23. Qe2 Nxd5 24. Rxd5 Rxd5 25. Rxd5 Rxd5 26. exd5 e4 27. Nd4 Qd7 28. Nc6 Qxd5 29. Nxa7 Qxa2 30. Nc8 Qb1+ 31. Kg2 Qd3 32. Qxd3 exd3 33. Kf3 b5 34. Nd6 b4 35. cxb4 cxb4 36. b3 d2 37. Ke2 Bc3 38. Ne4 Ke7 39. Nxd2 Bxd2 40. Kxd2 Kd6 41. Ke3 Ke5 42. f4+ Kd5 43. g4 h6 44. h3 g6 45. h4 f5 46. gxf5 gxf5 47. Kd3 h5 48. Ke3 Kc5 49. Kd3 Kd5 50. Ke3 Kc5 51. Kd3 Kd5 1/2-1/2

[Event "African Online-ch Women 2021"]
[Site "Online"]
[Date "2021.02.01"]
[Round "7.11"]
[White "Farnela, Nuzela Zacarias Musi"]
[Black "Sitoe, Cheila Andre"]
[Result "0-1"]
[ECO "C50"]
[WhiteElo "1431"]
[BlackElo "1588"]
[Annotator "NA RC"]
[PlyCount "38"]
[EventDate "2021.02.01"]
[EventType "swiss"]
[EventCountry "NET"]
[SourceTitle "playchess.com"]
[Source "ChessBase"]
[SourceQuality "1"]
[TimeControl "1500+10"]

1. e4 e5 2. Nf3 Nc6 3. Bc4 Bc5 4. d3 Nf6 5. Nc3 h6 6. h3 d6 7. Bd2 Be6 8. Bb5 O-O 9. Na4 Bb6 10. Nxb6 axb6 11. Bxc6 bxc6 12. O-O c5 13. a3 Nh7 14. Nh2 f5 15. exf5 Rxf5 16. Qg4 Rf6 17. Qg3 Qd7 18. f4 exf4 19. Rf3 fxg3 0-1

[Event "African Online-ch Women 2021"]
[Site "Online"]
[Date "2021.02.01"]
[Round "7.12"]
[White "Malehloa, Likhomo"]
[Black "Ben Said, Safa"]
[Result "0-1"]
[ECO "D00"]
[WhiteElo "1331"]
[BlackElo "1577"]
[Annotator "NA RC"]
[PlyCount "180"]
[EventDate "2021.02.01"]
[EventType "swiss"]
[EventCountry "NET"]
[SourceTitle "playchess.com"]
[Source "ChessBase"]
[SourceQuality "1"]
[TimeControl "1500+10"]

1. d4 d5 2. Nc3 Nf6 3. Bf4 Bf5 4. Nb5 Na6 5. e3 e6 6. Nf3 c6 7. Nc3 Nb4 8. Bd3 Bg6 9. a3 Nxd3+ 10. cxd3 Qa5 11. O-O Be7 12. Ne5 O-O 13. Nxg6 fxg6 14. Be5 Nd7 15. Qg4 Rf5 16. Bg3 Nf6 17. Qe2 Nd7 18. e4 Rf7 19. Qg4 Nf8 20. Qe2 Re8 21. Rac1 Qd8 22. Rb1 dxe4 23. Qxe4 Bf6 24. Be5 Nd7 25. Bxf6 Nxf6 26. Qe3 Ng4 27. Qe4 Nf6 28. Qe3 Nd5 29. Qd2 Ref8 30. Ne4 Nb6 31. Nc5 Qd6 32. Rbe1 Re8 33. Qb4 Nd5 34. Qc4 b6 35. Ne4 Qd7 36. Ng5 Rf5 37. Nf3 Rc8 38. Qc2 c5 39. dxc5 Rxc5 40. Qe2 Nf4 41. Qe3 Qxd3 42. Qxd3 Nxd3 43. Rxe6 Nxb2 44. Re7 Ra5 45. Nd4 Rfe5 46. Rc7 Rxa3 47. Rc2 Nd3 48. Nf3 Re7 49. Ng5 Re8 50. h3 Nf4 51. Rfc1 h6 52. Rc8 Kf8 53. Nh7+ Kf7 54. Rxe8 Kxe8 55. Rc8+ Ke7 56. Rc7+ Kd6 57. Rxg7 b5 58. Nf6 a5 59. Ne4+ Ke6 60. Kh2 b4 61. g3 Ne2 62. Nd2 Kf6 63. Rb7 Ra2 64. Ne4+ Ke5 65. Nc5 Nd4 66. Kg2 a4 67. Nd3+ Ke4 68. Nxb4 Rb2 69. Re7+ Kf5 70. Nd5 a3 71. Ra7 Nc2 72. Nc3 Rb3 73. Na2 Rb2 74. Nc3 Ke5 75. Ra4 Ne1+ 76. Kf1 Nc2 77. Kg2 Rb3 78. Na2 Ne1+ 79. Kf1 Nd3 80. f4+ Kd5 81. g4 Nc5 82. Ra8 Rb1+ 83. Ke2 Rb2+ 84. Kd1 Rxa2 85. Kc1 Nd3+ 86. Kb1 Rb2+ 87. Ka1 a2 88. Rg8 Rf2 89. Rxg6 Nb4 90. Rxh6 Rf1+ 0-1

[Event "African Online-ch Women 2021"]
[Site "Online"]
[Date "2021.02.01"]
[Round "7.13"]
[White "Namangale, Susan"]
[Black "Castro, Neusa Aridas De"]
[Result "0-1"]
[ECO "D02"]
[WhiteElo "1344"]
[BlackElo "1512"]
[Annotator "NA RC"]
[PlyCount "64"]
[EventDate "2021.02.01"]
[EventType "swiss"]
[EventCountry "NET"]
[SourceTitle "playchess.com"]
[Source "ChessBase"]
[SourceQuality "1"]
[TimeControl "1500+10"]

1. Nf3 e6 2. g3 d5 3. d4 Nf6 4. e3 Be7 5. Bg2 O-O 6. O-O c5 7. c3 Nc6 8. b3 Bd7 9. c4 Qb6 10. dxc5 Bxc5 11. Bb2 Be7 12. cxd5 Nxd5 13. e4 Nf6 14. Ne5 Nxe5 15. Bxe5 Bc6 16. Nd2 Rfd8 17. Bc3 Bxe4 18. Bxe4 Nxe4 19. Rc1 Rac8 20. Qe2 Nxc3 21. Qe1 Nxa2 22. Rxc8 Rxc8 23. Qb1 Nb4 24. Nc4 Qb5 25. Rd1 Nd5 26. Rd4 Bf6 27. Rd3 Rxc4 28. Qa2 Rc8 29. Qxa7 Qxd3 30. Qxb7 Rc1+ 31. Kg2 Qe4+ 32. f3 Nf4+ 0-1

[Event "African Online-ch Women 2021"]
[Site "Online"]
[Date "2021.02.01"]
[Round "7.14"]
[White "Leboela, Maboloko"]
[Black "Ibtihal Mohammed"]
[Result "1-0"]
[ECO "B45"]
[WhiteElo "1296"]
[BlackElo "1491"]
[Annotator "NA RC"]
[PlyCount "97"]
[EventDate "2021.02.01"]
[EventType "swiss"]
[EventCountry "NET"]
[SourceTitle "playchess.com"]
[Source "ChessBase"]
[SourceQuality "1"]
[TimeControl "1500+10"]

1. e4 c5 2. Nf3 e6 3. d4 cxd4 4. Nxd4 Nc6 5. Nc3 Bc5 6. Nb3 Bb6 7. Na4 Bc7 8. Be2 Nge7 9. O-O O-O 10. Bd3 h6 11. Qg4 Ng6 12. f4 Qh4 13. Qf3 Nd4 14. Nxd4 a6 15. Nc3 Bb6 16. Be3 d5 17. exd5 e5 18. Nde2 Bxe3+ 19. Qxe3 exf4 20. Nxf4 Ne7 21. d6 Nc6 22. Qf2 Qg5 23. Ne4 Qe5 24. c3 Bd7 25. Rae1 Qa5 26. a3 Ne5 27. Bb1 Rac8 28. Nd3 Nc4 29. Ndc5 Bc6 30. d7 Rcd8 31. Ba2 Ne5 32. Qf5 Nxd7 33. Nxd7 Qxf5 34. Rxf5 Rxd7 35. Nc5 Rd2 36. Rf2 Rfd8 37. Ree2 Rd1+ 38. Rf1 Rxf1+ 39. Kxf1 Bb5 40. c4 Bc6 41. Kf2 a5 42. g3 b6 43. Ne4 Rd4 44. Nc3 Rd6 45. b4 axb4 46. axb4 Rd3 47. b5 Bb7 48. Re8+ Kh7 49. Bb1 1-0

[Event "African Online-ch Women 2021"]
[Site "Online"]
[Date "2021.02.01"]
[Round "7.15"]
[White "Karania, Saloni"]
[Black "Jambo, Linda"]
[Result "0-1"]
[ECO "D11"]
[WhiteElo "1304"]
[BlackElo "1478"]
[Annotator "NA RC"]
[PlyCount "112"]
[EventDate "2021.02.01"]
[EventType "swiss"]
[EventCountry "NET"]
[SourceTitle "playchess.com"]
[Source "ChessBase"]
[SourceQuality "1"]
[TimeControl "1500+10"]

1. d4 Nf6 2. c4 d5 3. Nc3 c6 4. Nf3 Bg4 5. e3 e6 6. h3 Bh5 7. Be2 Bb4 8. Bd2 O-O 9. a3 Be7 10. Qc2 dxc4 11. Bxc4 Bxf3 12. gxf3 Nbd7 13. e4 Nb6 14. Bd3 Qxd4 15. Be3 Qd8 16. O-O-O Qc7 17. Rhg1 Bd6 18. Ne2 Rfd8 19. f4 Bf8 20. e5 Nfd5 21. Bxh7+ Kh8 22. Bxb6 Qxb6 23. Be4 Qxf2 24. Rgf1 Qc5 25. Qxc5 Bxc5 26. Rf3 f5 27. exf6 gxf6 28. f5 e5 29. h4 Rd6 30. Rh1 Rad8 31. b4 Be3+ 32. Kc2 Bf4 33. Bxd5 Rxd5 34. Nxf4 exf4 35. Rxf4 Rd2+ 36. Kc1 Ra2 37. Rff1 Rxa3 38. Rd1 Rxd1+ 39. Rxd1 Ra1+ 40. Kc2 Rxd1 41. Kxd1 Kg7 42. Kc2 Kh6 43. Kc3 Kh5 44. Kd4 Kxh4 45. Kc5 Kg5 46. Kd6 Kxf5 47. Ke7 Ke5 48. Kf7 f5 49. Ke7 f4 50. Kd7 f3 51. Kc7 f2 52. Kxb7 f1=Q 53. Kxa7 Qb5 54. Ka8 Kd6 55. Ka7 Kc7 56. Ka8 Qb7# 0-1

[Event "African Online-ch Women 2021"]
[Site "Online"]
[Date "2021.02.01"]
[Round "8.3"]
[White "Charinda, Kudzanayi"]
[Black "Latreche, Sabrina"]
[Result "0-1"]
[ECO "C56"]
[WhiteElo "1710"]
[BlackElo "2076"]
[Annotator "RC"]
[PlyCount "72"]
[EventDate "2021.02.01"]
[EventType "swiss"]
[EventCountry "NET"]
[SourceTitle "playchess.com"]
[Source "ChessBase"]
[SourceQuality "1"]
[TimeControl "1500+10"]

1. e4 e5 2. Nf3 Nc6 3. d4 exd4 4. Bc4 Nf6 5. e5 d5 6. Bb5 Ne4 7. Nxd4 Bc5 8. O-O Bd7 9. Bxc6 bxc6 10. f3 Ng5 11. f4 Ne4 12. Be3 O-O 13. Nd2 Nxd2 14. Qxd2 f6 15. Nb3 Bb6 16. Bc5 fxe5 17. fxe5 Qh4 18. Kh1 Rfe8 19. Rf4 Qh5 20. Raf1 Qxe5 21. Qf2 h6 22. Qg3 g5 23. h4 Bxc5 24. Nxc5 Qd6 25. Nxd7 Qxd7 26. hxg5 h5 27. g6 Re4 28. Rf7 Qg4 29. Qxc7 Qxg6 30. R7f6 Qg5 31. Qf7+ Kh8 32. g3 Rg8 33. R6f3 h4 34. Kg2 Re2+ 35. Kh1 hxg3 36. Rxg3 Qh4+ 0-1

[Event "African Online-ch Women 2021"]
[Site "Online"]
[Date "2021.02.01"]
[Round "8.5"]
[White "Caxita, Esperanca"]
[Black "Madelta Glenda"]
[Result "0-1"]
[ECO "C01"]
[WhiteElo "1882"]
[BlackElo "1420"]
[Annotator "NA RC"]
[PlyCount "112"]
[EventDate "2021.02.01"]
[EventType "swiss"]
[EventCountry "NET"]
[SourceTitle "playchess.com"]
[Source "ChessBase"]
[SourceQuality "1"]
[TimeControl "1500+10"]

1. e4 e6 2. d4 d5 3. exd5 exd5 4. Bd3 Bd6 5. Nf3 Ne7 6. c3 f6 7. Be3 c6 8. Nbd2 Bf5 9. Be2 Nd7 10. h3 Qc7 11. Nf1 a6 12. Nh4 Be6 13. Bd3 Nf8 14. Qe2 Nfg6 15. Nxg6 hxg6 16. O-O-O O-O-O 17. Re1 Rde8 18. Nd2 Bf5 19. Bxf5+ Nxf5 20. Qg4 Qf7 21. h4 Kd8 22. Bf4 Rxe1+ 23. Rxe1 Rxh4 24. Qe2 Bxf4 25. g3 Bxd2+ 26. Qxd2 Rh8 27. Qf4 Kc8 28. g4 Nh6 29. f3 Re8 30. Rg1 g5 31. Qd2 Qe6 32. Kd1 Qe3 33. Rf1 Qxd2+ 34. Kxd2 Nf7 35. Rh1 Re7 36. b3 Nd6 37. Kd3 Kc7 38. c4 dxc4+ 39. bxc4 Rd7 40. Re1 Nc8 41. a4 Re7 42. Rb1 Nb6 43. a5 Nc8 44. d5 Na7 45. Rc1 Rd7 46. Ke4 cxd5+ 47. cxd5+ Kd6 48. Rd1 Nb5 49. Rd3 Re7+ 50. Kf5 Nc7 51. f4 gxf4 52. Kxf4 Nxd5+ 53. Kf5 Kc5 54. g5 Re5+ 55. Kg6 Rxg5+ 56. Kf7 Kb4 0-1

[Event "African Online-ch Women 2021"]
[Site "Online"]
[Date "2021.02.01"]
[Round "8.6"]
[White "Ndirangu, Joyce Nyaruai"]
[Black "Francis, Onkemetse"]
[Result "0-1"]
[ECO "D02"]
[WhiteElo "1659"]
[BlackElo "1798"]
[Annotator "NA RC"]
[PlyCount "124"]
[EventDate "2021.02.01"]
[EventType "swiss"]
[EventCountry "NET"]
[SourceTitle "playchess.com"]
[Source "ChessBase"]
[SourceQuality "1"]
[TimeControl "1500+10"]

1. d4 d5 2. Nf3 Nf6 3. Bf4 c5 4. e3 Nc6 5. Nbd2 Bf5 6. c3 Qb6 7. Qb3 c4 8. Qxb6 axb6 9. Be2 h6 10. O-O e6 11. a4 Be7 12. Rfe1 O-O 13. Ne5 Bc2 14. Bd1 Bxd1 15. Rexd1 Ra6 16. f3 Rfa8 17. e4 Rxa4 18. Rxa4 Rxa4 19. b3 cxb3 20. Nxb3 dxe4 21. Rc1 exf3 22. gxf3 b5 23. Kf2 Ra2+ 24. Nd2 Nd5 25. Be3 Ba3 26. Rg1 Nxe5 27. dxe5 Kh7 28. Ke2 Nxc3+ 29. Kd3 Nd5 30. Bd4 b4 31. Bc5 b3 32. Nxb3 Bxc5 33. Nxc5 b6 34. Ne4 Rxh2 35. Rc1 Rh3 36. Ke2 Nf4+ 37. Ke3 Ng6 38. Nf2 Rh4 39. Nd3 Ne7 40. f4 Nd5+ 41. Kf3 Rh3+ 42. Ke4 b5 43. Kd4 Rf3 44. Rb1 b4 45. Rb2 Rf1 46. Ke4 h5 47. Rh2 Kh6 48. Nf2 Rb1 49. Nd3 b3 50. f5 g5 51. fxg6 fxg6 52. Kd4 g5 53. Nc5 b2 54. Nd3 Rd1 55. Rxb2 Nf4 56. Rb3 Rxd3+ 57. Rxd3 Nxd3 58. Kxd3 g4 59. Ke4 Kg5 60. Ke3 Kf5 61. Kf2 h4 62. Kg2 Kxe5 0-1

[Event "African Online-ch Women 2021"]
[Site "Online"]
[Date "2021.02.01"]
[Round "8.7"]
[White "Shah, Riya"]
[Black "Wanjiru, Lucy"]
[Result "1-0"]
[ECO "C45"]
[WhiteElo "1559"]
[BlackElo "1623"]
[Annotator "NA RC"]
[PlyCount "79"]
[EventDate "2021.02.01"]
[EventType "swiss"]
[EventCountry "NET"]
[SourceTitle "playchess.com"]
[Source "ChessBase"]
[SourceQuality "1"]
[TimeControl "1500+10"]

1. e4 e5 2. Nf3 Nc6 3. d4 exd4 4. Nxd4 Bc5 5. Be3 Nxd4 6. Bxd4 Bxd4 7. Qxd4 Qf6 8. Qxf6 Nxf6 9. Nc3 a6 10. Bd3 d6 11. h3 Be6 12. g4 h6 13. f4 O-O-O 14. O-O-O Rhe8 15. Rhe1 Bd7 16. Bc4 Be6 17. Bd3 b5 18. a3 Bd7 19. f5 Bc6 20. Rd2 Kb7 21. Rde2 Nd7 22. Na2 Ne5 23. Nb4 a5 24. Nxc6 Kxc6 25. Re3 Kb6 26. Bf1 f6 27. Rb3 c6 28. c4 Rc8 29. Kb1 Nf3 30. Rxf3 b4 31. axb4 axb4 32. Rfe3 Re5 33. Kc2 c5 34. Bg2 Rb8 35. Rd3 Kc7 36. Red1 Rb6 37. Rd5 Re7 38. Ra1 Kb8 39. Kb3 Rd7 40. Rdd1 1-0

[Event "African Online-ch Women 2021"]
[Site "Online"]
[Date "2021.02.01"]
[Round "8.8"]
[White "Joao, Delfina"]
[Black "Botlhole, Kgalalelo"]
[Result "1/2-1/2"]
[ECO "B21"]
[WhiteElo "1727"]
[BlackElo "1705"]
[Annotator "NA RC"]
[PlyCount "106"]
[EventDate "2021.02.01"]
[EventType "swiss"]
[EventCountry "NET"]
[SourceTitle "playchess.com"]
[Source "ChessBase"]
[SourceQuality "1"]
[TimeControl "1500+10"]

1. e4 c5 2. f4 d5 3. exd5 Nf6 4. Nf3 Nxd5 5. d4 e5 6. dxe5 Nc6 7. Bc4 Nb6 8. Qxd8+ Nxd8 9. Bb5+ Nd7 10. Bxd7+ Bxd7 11. O-O Be7 12. Nc3 Bf5 13. Nd5 Rc8 14. Nxe7 Kxe7 15. c3 Nc6 16. Be3 b6 17. Rad1 Rhd8 18. Nh4 Bc2 19. Rxd8 Rxd8 20. Kf2 Na5 21. Rc1 Be4 22. b4 Nb7 23. Ke2 Bd3+ 24. Kf3 c4 25. f5 f6 26. Bd4 fxe5 27. Bxe5 Kf7 28. Re1 Re8 29. Re3 Nd8 30. Bb8 Nc6 31. Rxe8 Kxe8 32. Bf4 Ne7 33. g4 Nd5 34. Be5 Kf7 35. Ng2 a5 36. a3 axb4 37. axb4 b5 38. Nf4 Nxf4 39. Kxf4 Be2 40. h4 h5 41. g5 g6 42. Bf6 gxf5 43. Kxf5 Bd3+ 44. Ke5 Kg6 45. Kd5 Bc2 46. Kd6 Kf7 47. Kd7 Ba4 48. Kd6 Bb3 49. Ke5 Bc2 50. Kd5 Bb3 51. Ke5 Bc2 52. Kf4 Kg6 53. Ke5 Kf7 1/2-1/2

[Event "African Online-ch Women 2021"]
[Site "Online"]
[Date "2021.02.01"]
[Round "8.9"]
[White "Vilhete, Vania Fausto Da T."]
[Black "Rodriguez Guevara, Celia M."]
[Result "1-0"]
[ECO "E14"]
[WhiteElo "1799"]
[BlackElo "1849"]
[Annotator "NA RC"]
[PlyCount "47"]
[EventDate "2021.02.01"]
[EventType "swiss"]
[EventCountry "NET"]
[SourceTitle "playchess.com"]
[Source "ChessBase"]
[SourceQuality "1"]
[TimeControl "1500+10"]

1. d4 d5 2. c4 e6 3. Nf3 Nf6 4. e3 Be7 5. Bd3 O-O 6. O-O Nbd7 7. Nbd2 c5 8. b3 b6 9. Bb2 Bb7 10. Rc1 Re8 11. Bb1 cxd4 12. Nxd4 dxc4 13. Nxc4 Nc5 14. Qe2 Qd5 15. Nf3 Qh5 16. Nce5 Nfe4 17. b4 f6 18. bxc5 fxe5 19. c6 Bxc6 20. Rxc6 Ng5 21. Nd4 Qh6 22. Nf5 Qf6 23. Nxe7+ Rxe7 24. f4 1-0

[Event "African Online-ch Women 2021"]
[Site "Online"]
[Date "2021.02.01"]
[Round "8.10"]
[White "Ben Said, Safa"]
[Black "Maingi, Sasha"]
[Result "0-1"]
[ECO "B12"]
[WhiteElo "1577"]
[BlackElo "1599"]
[Annotator "NA RC"]
[PlyCount "104"]
[EventDate "2021.02.01"]
[EventType "swiss"]
[EventCountry "NET"]
[SourceTitle "playchess.com"]
[Source "ChessBase"]
[SourceQuality "1"]
[TimeControl "1500+10"]

1. e4 c6 2. d4 d5 3. e5 Bf5 4. Nf3 e6 5. Be2 Nd7 6. Nc3 Bg6 7. Bg5 Be7 8. Qd2 h6 9. Bxe7 Nxe7 10. Nh4 Qb6 11. Na4 Qc7 12. f4 Be4 13. Nc3 Bh7 14. g4 a6 15. Rf1 O-O-O 16. O-O-O c5 17. f5 cxd4 18. Qxd4 Qxe5 19. fxe6 fxe6 20. Rf7 Qxd4 21. Rxd4 Nc6 22. Rd2 g5 23. Nf3 Rdf8 24. Rxf8+ Rxf8 25. h4 Nde5 26. Nxe5 Nxe5 27. hxg5 hxg5 28. Na4 Rf2 29. Nc5 Bg8 30. Nxb7 Nf3 31. Nd6+ Kc7 32. Bxf3 Rxf3 33. Ne8+ Kd7 34. Ng7 Rf4 35. Nh5 Rf1+ 36. Rd1 Rf3 37. c4 Kd6 38. cxd5 exd5 39. Kc2 Bh7+ 40. Kd2 Bg6 41. Ke2 Rh3 42. Nf6 Bf7 43. Ne4+ Ke5 44. Nxg5 Rh2+ 45. Ke3 Kf6 46. Nxf7 Kxf7 47. Rf1+ Ke6 48. Rf2 Rh3+ 49. Kd4 Rg3 50. Rf4 Rg2 51. Kc3 Ke5 52. a3 Kxf4 0-1

[Event "African Online-ch Women 2021"]
[Site "Online"]
[Date "2021.02.01"]
[Round "8.11"]
[White "Castro, Neusa Aridas De"]
[Black "Sitoe, Cheila Andre"]
[Result "1-0"]
[ECO "A00"]
[WhiteElo "1512"]
[BlackElo "1588"]
[Annotator "NA RC"]
[PlyCount "93"]
[EventDate "2021.02.01"]
[EventType "swiss"]
[EventCountry "NET"]
[SourceTitle "playchess.com"]
[Source "ChessBase"]
[SourceQuality "1"]
[TimeControl "1500+10"]

1. e3 e5 2. e4 Bc5 3. Bc4 Nf6 4. Nc3 d6 5. d3 h6 6. h3 Nc6 7. a3 Be6 8. Bb5 O-O 9. Bxc6 bxc6 10. Nf3 Rb8 11. Rb1 Qd7 12. Bd2 Rb7 13. a4 Rfb8 14. b3 a6 15. Ne2 Nh7 16. Ng3 Ba7 17. Nh4 Qd8 18. Nhf5 Bxf5 19. Nxf5 Qf6 20. Qg4 Kh8 21. O-O Qg6 22. Qxg6 fxg6 23. Ne7 g5 24. Nxc6 Rf8 25. Nxa7 Rxa7 26. Be3 Rb7 27. d4 Nf6 28. dxe5 dxe5 29. f3 c6 30. Bd2 Nd7 31. Bc3 c5 32. Rfd1 Rfb8 33. Rd5 Kg8 34. Bxe5 Nxe5 35. Rxe5 c4 36. Ra5 cxb3 37. Rxb3 Rxb3 38. cxb3 Rxb3 39. Rxa6 Kf7 40. Kf2 Ke7 41. a5 Ra3 42. Ra8 Kf6 43. a6 Ke5 44. a7 Ra2+ 45. Kg3 h5 46. Re8+ Kd4 47. a8=Q 1-0

[Event "African Online-ch Women 2021"]
[Site "Online"]
[Date "2021.02.01"]
[Round "8.12"]
[White "Du Plessis, Anika"]
[Black "Farnela, Nuzela Zacarias Musi"]
[Result "1-0"]
[ECO "C45"]
[WhiteElo "1541"]
[BlackElo "1431"]
[Annotator "NA RC"]
[PlyCount "83"]
[EventDate "2021.02.01"]
[EventType "swiss"]
[EventCountry "NET"]
[SourceTitle "playchess.com"]
[Source "ChessBase"]
[SourceQuality "1"]
[TimeControl "1500+10"]

1. e4 e5 2. Nf3 Nc6 3. d4 exd4 4. Nxd4 Nxd4 5. Qxd4 d6 6. Nc3 Be6 7. Be2 Nf6 8. O-O Be7 9. e5 dxe5 10. Qxe5 Bd6 11. Qb5+ Qd7 12. Qxb7 O-O 13. Bb5 Qd8 14. Bg5 h6 15. Bh4 Be7 16. Bc6 Qc8 17. Qxa8 Qxa8 18. Bxa8 Rxa8 19. Rfe1 Re8 20. Nb5 Rb8 21. Nxc7 Rxb2 22. Nxe6 fxe6 23. Rxe6 Kf7 24. Rae1 Bd8 25. Ra6 Bb6 26. h3 Rxc2 27. Ra3 g5 28. Bg3 Nh5 29. Rf3+ Kg6 30. Re6+ Kh7 31. Be5 Rc1+ 32. Kh2 Nf4 33. Bxf4 gxf4 34. h4 Rc2 35. Kh3 Rc1 36. Rxf4 h5 37. g4 Rc3+ 38. f3 hxg4+ 39. Kxg4 Bc7 40. Rf7+ Kg8 41. Rd7 Rc2 42. Re8# 1-0

[Event "African Online-ch Women 2021"]
[Site "Online"]
[Date "2021.02.01"]
[Round "8.13"]
[White "Jambo, Linda"]
[Black "Leboela, Maboloko"]
[Result "1-0"]
[ECO "C54"]
[WhiteElo "1478"]
[BlackElo "1296"]
[Annotator "NA RC"]
[PlyCount "134"]
[EventDate "2021.02.01"]
[EventType "swiss"]
[EventCountry "NET"]
[SourceTitle "playchess.com"]
[Source "ChessBase"]
[SourceQuality "1"]
[TimeControl "1500+10"]

1. e4 e5 2. Nf3 Nc6 3. Bc4 Bc5 4. c3 Nf6 5. d4 exd4 6. cxd4 Bb4+ 7. Nc3 Nxe4 8. O-O Nxc3 9. bxc3 Be7 10. Qb3 O-O 11. Re1 Na5 12. Qa4 Nxc4 13. Qxc4 d5 14. Qe2 Bg4 15. Qxe7 Qxe7 16. Rxe7 Bxf3 17. gxf3 Rac8 18. Bf4 f6 19. Rxc7 Rxc7 20. Bxc7 Rc8 21. Ba5 b6 22. Bb4 a5 23. Bd6 Rxc3 24. Rb1 Rxf3 25. Rxb6 Rd3 26. Bc5 Rd2 27. a3 Kf7 28. Ra6 h5 29. Rxa5 h4 30. Ra7+ Kg6 31. Kg2 Kh6 32. a4 g5 33. h3 f5 34. Bf8+ Kg6 35. Ra6+ Kf7 36. Bc5 g4 37. hxg4 fxg4 38. Rh6 h3+ 39. Kg3 Kg7 40. Rh4 Kf6 41. Rxg4 h2 42. Rh4 Ra2 43. Rxh2 Rxa4 44. Kf4 Ra2 45. Ke3 Rb2 46. Rh6+ Kg5 47. Rd6 Rb3+ 48. Ke2 Rb2+ 49. Kf3 Rb3+ 50. Kg2 Rd3 51. Rxd5+ Kf4 52. Rd8 Rb3 53. d5 Ke5 54. d6 Rc3 55. Be3 Rd3 56. d7 Ke6 57. Kf3 Rd6 58. Ke4 Ke7 59. Bc5 Kxd8 60. Bxd6 Kxd7 61. Ke5 Ke8 62. f4 Kf7 63. f5 Ke8 64. f6 Kf7 65. Kf5 Ke8 66. Ke6 Kd8 67. f7 Kc8 1-0

[Event "African Online-ch Women 2021"]
[Site "Online"]
[Date "2021.02.01"]
[Round "8.15"]
[White "Malehloa, Likhomo"]
[Black "Karania, Saloni"]
[Result "1-0"]
[ECO "D00"]
[WhiteElo "1331"]
[BlackElo "1304"]
[Annotator "NA RC"]
[PlyCount "103"]
[EventDate "2021.02.01"]
[EventType "swiss"]
[EventCountry "NET"]
[SourceTitle "playchess.com"]
[Source "ChessBase"]
[SourceQuality "1"]
[TimeControl "1500+10"]

1. d4 d5 2. Nc3 Bf5 3. Bf4 c6 4. e3 Nf6 5. h3 g6 6. Be2 Bg7 7. Qd2 Nbd7 8. O-O-O Ne4 9. Nxe4 Bxe4 10. f3 Bf5 11. g4 Be6 12. h4 f5 13. Qb4 Qb6 14. Qxb6 Nxb6 15. a3 Rc8 16. g5 c5 17. Be5 Bxe5 18. dxe5 c4 19. f4 Kf7 20. Nf3 Rhd8 21. h5 Rh8 22. Nd4 a6 23. Rh2 Kg7 24. Nxe6+ Kf7 25. Nd4 Na4 26. Rdh1 Kg7 27. hxg6 hxg6 28. Ne6+ Kf7 29. Rxh8 Rxh8 30. Rxh8 Kxe6 31. Rb8 b5 32. Rb6+ Kd7 33. Rxa6 Nc5 34. Rxg6 Ne4 35. Rg8 Ng3 36. Bd1 e6 37. Rb8 Ke7 38. Rxb5 Nf1 39. a4 Nxe3 40. a5 d4 41. a6 Nd5 42. a7 Nc7 43. Rb7 Kd8 44. Rxc7 Kxc7 45. a8=Q d3 46. Qa7+ Kc8 47. Qc5+ Kd8 48. Qxc4 dxc2 49. Bxc2 Ke7 50. b4 Kf7 51. b5 Kg7 52. b6 1-0

[Event "African Online-ch Women 2021"]
[Site "Online"]
[Date "2021.02.01"]
[Round "9.5"]
[White "Madelta Glenda"]
[Black "Shah, Riya"]
[Result "0-1"]
[ECO "B27"]
[WhiteElo "1420"]
[BlackElo "1559"]
[Annotator "NA RC"]
[PlyCount "142"]
[EventDate "2021.02.01"]
[EventType "swiss"]
[EventCountry "NET"]
[SourceTitle "playchess.com"]
[Source "ChessBase"]
[SourceQuality "1"]
[TimeControl "1500+10"]

1. d4 g6 2. Nc3 Bg7 3. e4 c5 4. dxc5 Qa5 5. Bd2 Qxc5 6. Nf3 Qb6 7. Rb1 d6 8. Bd3 Nc6 9. h3 Nf6 10. O-O O-O 11. Be3 Qd8 12. Qd2 Be6 13. Bh6 d5 14. Bxg7 Kxg7 15. Qf4 Nh5 16. Qh4 h6 17. Rfd1 d4 18. Ne2 f6 19. g4 g5 20. Qxh5 Bf7 21. Qxf7+ Kxf7 22. Nexd4 Qb6 23. Bc4+ Kg6 24. Ne6 Rfe8 25. a3 Ne5 26. Nxe5+ fxe5 27. Kg2 Rac8 28. Bb3 Qa6 29. c3 Rc6 30. Nd8 Rf6 31. Rd2 Qb6 32. Bf7+ Rxf7 33. Nxf7 Kxf7 34. Rbd1 Qc6 35. f3 a6 36. Kf1 Rc8 37. Kg2 Qe6 38. Kf2 Rc6 39. Ke2 Rb6 40. Rc1 Rd6 41. Rcd1 Qc4+ 42. Kf2 Rxd2+ 43. Rxd2 Ke6 44. Ke1 Qa2 45. Kf2 Qb1 46. Kg2 Qc1 47. Re2 b5 48. Kg3 Qf4+ 49. Kg2 Kd6 50. Kf1 Kc5 51. Kg2 Kc4 52. Rc2 Kb3 53. Re2 Qc1 54. Rf2 a5 55. Re2 a4 56. Rf2 Qxb2 57. Rxb2+ Kxb2 58. h4 gxh4 59. Kh3 Kxa3 60. Kxh4 Kb3 61. Kh5 a3 62. Kxh6 a2 63. g5 a1=Q 64. g6 Qxc3 65. g7 Qc8 66. Kh7 Kc3 67. g8=Q Qxg8+ 68. Kxg8 b4 69. Kf7 Kd4 70. Kxe7 b3 71. Ke6 b2 0-1

[Event "African Online-ch Women 2021"]
[Site "Online"]
[Date "2021.02.01"]
[Round "9.6"]
[White "Francis, Onkemetse"]
[Black "Caxita, Esperanca"]
[Result "0-1"]
[ECO "B01"]
[WhiteElo "1798"]
[BlackElo "1882"]
[Annotator "NA RC"]
[PlyCount "106"]
[EventDate "2021.02.01"]
[EventType "swiss"]
[EventCountry "NET"]
[SourceTitle "playchess.com"]
[Source "ChessBase"]
[SourceQuality "1"]
[TimeControl "1500+10"]

1. e4 d5 2. exd5 Qxd5 3. d4 Nf6 4. Nf3 a6 5. Be2 Bg4 6. c4 Qd6 7. Nc3 Nc6 8. d5 Bxf3 9. Bxf3 Ne5 10. Be2 e6 11. Qa4+ Ned7 12. O-O exd5 13. Nxd5 Nxd5 14. cxd5 Be7 15. Bf4 Qb6 16. Bg4 O-O-O 17. Rac1 Bd6 18. Rc2 Kb8 19. Rfc1 Ne5 20. Be2 Rhe8 21. a3 Nd7 22. Bf3 Nc5 23. Qd4 Bxf4 24. Qxf4 Nd3 25. Qxc7+ (25. Qxf7 $17 Nxc1 26. Rxc1) 25... Qxc7 26. Rxc7 Nxc1 27. Rxc1 Rc8 28. Rb1 Rc2 29. h3 Rec8 30. Be4 Rc1+ 31. Rxc1 Rxc1+ 32. Kh2 h6 33. Kg3 Kc7 34. d6+ Kxd6 35. Bxb7 a5 36. b4 axb4 37. axb4 Rb1 38. Be4 Rxb4 39. f3 Ke5 40. Ba8 g5 41. Kf2 f5 42. g3 Rb6 43. Ke3 Rb2 44. f4+ Kf6 45. Bf3 Rh2 46. g4 Rxh3 47. gxf5 Kxf5 48. fxg5 hxg5 49. Kf2 Kf4 50. Bb7 Rh2+ 51. Kg1 Rb2 52. Ba6 Kg3 53. Bf1 Rb1 0-1